 Dungeon Crawl Stone Soup version 0.32-a0-705-g60f233581c (webtiles) character file.

Game seed: 11739035747996748052

6171 Dordric the Fencer (level 10, 0/60 (70) HPs)
             Began as a Coglin Berserker on Mar 14, 2024.
             Was an Elder of Trog.
             Slain by a laughing skull (11 damage)
             ... on level 10 of the Dungeon.
             The game lasted 00:13:31 (9652 turns).

Dordric the Fencer (Coglin Berserker)               Turns: 9652, Time: 00:13:31

HP:   0/60 (70)     AC: 12    Str: 18    XL:     10   Next: 91%
MP:   10/10         EV:  7    Int:  6    God:    Trog [****..]
Gold: 562           SH:  0    Dex: 21    Spells: 9/9 levels left

rFire   . . .        N - +2 long sword {Albrecht}
rCold   . . .        E - +4 long sword (flame) {Gyeongja}
rNeg    + . .        l - +1 chain mail of Egalitarianism {Rampage rN+ Will- rCorr}
rPois   +            M - +1 hat "Orabinn" {rPois Dex+3 Stlth+}
rElec   .            (no cloak)
rCorr   +            x - +0 pair of gloves
SInv    .            i - +0 pair of boots
Will    .....        (amulet unavailable) Stlth
                     (ring unavailable)
HPRegen 0.30/turn    (ring unavailable)
MPRegen 0.12/turn    (no gizmo)

%: rampage
@: about to teleport, heavily drained
A: off-hand wielding, slow wielding, warmup strikes, no jewellery
a: Invent Gizmo, Renounce Religion, Berserk, Trog's Hand, Brothers in Arms


You were on level 10 of the Dungeon.
You worshipped Trog.
Trog was greatly pleased with you.
You visited 1 branch of the dungeon, and saw 10 of its levels.
You also visited: Ossuary.

You collected 562 gold pieces.

Inventory:

Hand Weapons
 a - a +0 falchion {Fritz}
 E - a +4 long sword of flaming (offhand) {Gyeongja}
 N - a +2 long sword (weapon) {Albrecht}
Armour
 i - a +0 pair of boots (worn)
 l - the +1 chain mail of Egalitarianism (worn) {Rampage rN+ Will- rCorr}
   (You found it on level 7 of the Dungeon)

   rN+:       It protects you from negative energy.
   Will-:     It decreases your willpower.
   rCorr:     It protects you from acid and corrosion.
   Rampage:   It bestows one free step when moving towards enemies.
 x - a +0 pair of gloves (worn)
 M - the +1 hat "Orabinn" (worn) {rPois Dex+3 Stlth+}
   (You found it on level 6 of the Dungeon)

   Dex+3:     It affects your dexterity (+3).
   rPois:     It protects you from poison.
   Stlth+:    It makes you more stealthy.
Wands
 h - a wand of paralysis (11)
 r - a wand of warping (9)
 y - a wand of flame (28)
Scrolls
 b - a scroll of enchant armour
 e - a scroll of silence
 n - 6 scrolls of teleportation
 o - 10 scrolls of noise
 p - a scroll of fog
 s - 2 scrolls of vulnerability
 t - a scroll of blinking
 u - a scroll of revelation
 w - 4 scrolls of immolation
 A - 3 scrolls of amnesia
 G - a scroll of poison
 I - a scroll of enchant weapon
 K - 2 scrolls of identify
 O - a scroll of fear
Potions
 c - a potion of attraction {unknown}
 d - a potion of berserk rage {unknown}
 f - 2 potions of resistance {unknown}
 g - 2 potions of magic {unknown}
 j - 3 potions of might {unknown}
 m - 2 potions of brilliance {unknown}
 q - a potion of lignification {unknown}
 z - 3 potions of enlightenment {unknown}
 B - 3 potions of heal wounds {unknown}
 C - 2 potions of curing {unknown}
 D - a potion of cancellation {unknown}
 F - 2 potions of mutation {unknown}
 H - a potion of experience {unknown}
 J - 2 potions of haste {unknown}


   Skills:
 - Level 3.0 Fighting
 + Level 16.0 Long Blades
 - Level 1.7 Armour
 - Level 1.7 Dodging


You had 9 spell levels left.
You didn't know any spells.
Your spell library contained the following spells:

 Spells                   Type           Power      Damage    Failure   Level
 Foxfire                  Conj/Fire      0%         2x1d4     99%         1
 Brom's Barrelling Bould  Conj/Erth      0%         2d3       100%        4
 Iskenderun's Battlesphe  Conj           0%         2d6       100%        5


Dungeon Overview and Level Annotations

Branches:
Dungeon (10/15)            Temple (0/1) D:5            Lair (0/5) D:8
Ossuary (visited)
    Orc: D:9-12

Altars:
Gozag
Hepliaklqana
Makhleb
Qazlal
Ru
Uskayaw
Vehumet
Wu Jian
Xom
Zin
The Shining One

Shops:
D:7 :

Annotations:
D:5 2 transporters, arcshroob's ghost, novice DsSh


Innate Abilities, Weirdness & Mutations

You can wield a second weapon in your off-hand.
It takes a long time for you to wield or remove held weapons.
Your first few attacks do less damage.
You cannot equip rings or amulets.


Message History

The bolt of negative energy hits you! You partially resist.
You feel drained.
The laughing skull gibbers with scorn.
The bolt of negative energy misses you.
You hear a hideous shriek!
The laughing skull headbutts you but does no damage.
A laughing skull comes into view.
You barely miss the laughing skull with your +4 long sword of flaming.
You barely miss the laughing skull with your +2 long sword.
The laughing skull headbutts you but does no damage.
A kobold demonologist comes into view. It is wielding a +0 dagger.
You barely miss the laughing skull with your +2 long sword.
You miss the laughing skull with your +4 long sword of flaming.
The laughing skull barely misses you.
The kobold demonologist mumbles some strange words.
You barely miss the laughing skull with your +2 long sword.
You hit the laughing skull with your +4 long sword of flaming.
The laughing skull barely misses you.
The laughing skull cackles spitefully.
The bolt of negative energy hits you! You partially resist.
You feel drained.
The white imp grins evilly.
The laughing skull gibbers with scorn.
The bolt of negative energy hits you! You partially resist.
You feel drained. The laughing skull closely misses you.
As you read the scroll of teleportation, it crumbles to dust.
You feel strangely unstable.
You barely miss the laughing skull with your +2 long sword.
You slice the laughing skull with your +4 long sword of flaming!!
You burn the laughing skull.
You destroy the laughing skull!
Trog accepts your kill.
The laughing skull gibbers with scorn.
The bolt of negative energy hits you. You partially resist.
You feel drained.
The laughing skull cackles spitefully.
The bolt of negative energy hits you! You partially resist.
You feel drained.
* * * LOW HITPOINT WARNING * * *
The laughing skull headbutts you but does no damage.
The laughing skull attacks as it pursues you!
The laughing skull headbutts you!
You die...
The laughing skull crumbles to pieces from sheer joy.

#.†...#...# .
#.....#...# .
#.....#...# .
#.....#)..##########
(##.....'...'..#.....#
.....##.#...#........#
........#............#
..#.....#.##.........#
#...............@....#
.##.#.#+#.###..#z....#
#.#..........#.....####.
#.##....~~~.##.5........
#.##...~≈~~.~###5...####
#.##........~ #.K####
#.# ##≈.~~~~~~...# #.#
##..........# #.#
##~.55.#.###


You could see a kobold demonologist, a laughing skull and 2 white imps.

Vanquished Creatures
  Maurice (D:8)
  2 komodo dragons (D:8)
  A troll (D:10)
  A shadow (D:9)
  A vampire (D:10)
  A spriggan (D:8)
  4 wyverns
  2 steam dragons
  A water moccasin (D:8)
  3 orc warriors (D:9)
  2 sky beasts (D:7)
  5 black bears
  A laughing skull (D:10)
  2 ogres
  3 centaurs
  2 phantoms
  2 weeping skulls (Ossuary)
  2 bullfrogs
  2 scorpions (D:5)
  8 wights (D:9)
  8 killer bees
  An electric eel (D:7)
  3 howler monkeys
  2 bombardier beetles
  A jelly (D:7)
  A centaur zombie (Ossuary)
  2 orc priests
  2 sleepcaps
  3 iguanas
  8 orc wizards
  A hell rat (D:8)
  Terence (D:2)
  5 mummies
  6 adders
  3 river rats (D:8)
  3 shadow imps
  2 dart slugs
  3 ribbon worms
  26 orcs
  9 endoplasms
  7 goblins
  10 hobgoblins
  4 jackals (D:1)
  4 kobolds
  5 quokkas
  3 ball pythons
  8 bats
  3 frilled lizards
  3 gnoll zombies (Ossuary)
  2 kobold zombies (Ossuary)
  2 orc zombies (Ossuary)
  5 rats
192 creatures vanquished.

Vanquished Creatures (others)
  An angel (D:6)
1 creature vanquished.

Grand Total: 193 creatures vanquished

Notes
Turn   | Place    | Note
-------+----------+-------------------------------------------
     0 | D:1      | Dordric the Coglin Berserker began the quest for the Orb.
     0 | D:1      | Reached XP level 1. HP: 18/18 MP: 1/1
    64 | D:1      | Found a faded altar of an unknown god.
   218 | D:1      | Reached XP level 2. HP: 17/24 MP: 2/2
   836 | D:2      | Reached skill level 4 in Long Blades
   857 | D:2      | Reached ** piety under Trog
   897 | D:2      | Reached XP level 3. HP: 29/29 MP: 3/3
   897 | D:2      | Noticed Terence
   917 | D:2      | Killed Terence
  1512 | D:2      | Reached XP level 4. HP: 35/35 MP: 4/4
  1866 | D:3      | Found a radiant altar of Vehumet.
  1905 | D:3      | Reached skill level 5 in Long Blades
  2075 | D:3      | Reached XP level 5. HP: 20/41 MP: 5/5
  2323 | D:3      | Found a glowing golden altar of the Shining One.
  2961 | D:4      | Noticed a black bear
  2965 | D:4      | Killed a black bear
  2966 | D:4      | Reached skill level 6 in Long Blades
  2966 | D:4      | Reached XP level 6. HP: 47/47 MP: 6/6
  3014 | D:4      | Found a sacrificial altar of Ru.
  3160 | D:4      | Got the Exposition on Coarse Traumaturgy
  3534 | D:5      | Entered Level 5 of the Dungeon
  3581 | D:5      | Reached skill level 7 in Long Blades
  3612 | D:5      | Found a transporter.
  3619 | D:5      | Found a transporter.
  3620 | D:5      | Noticed arcshroob's ghost (novice DsSh)
  3659 | D:5      | Reached *** piety under Trog
  3660 | D:5      | Found a hide-covered altar of Uskayaw.
  3777 | D:5      | Reached XP level 7. HP: 49/52 MP: 7/7
  3794 | D:5      | Found a staircase to the Ecumenical Temple.
  3803 | D:5      | Reached skill level 8 in Long Blades
  4018 | D:5      | Reached skill level 9 in Long Blades
  4283 | D:5      | Reached XP level 8. HP: 46/58 MP: 8/8
  4715 | D:6      | Reached skill level 10 in Long Blades
  4834 | D:6      | Found an opulent altar of Gozag.
  4840 | D:6      | Noticed an angel
  4841 | D:6      | Found a shimmering altar of Xom.
  4842 | D:6      | Found a glowing silver altar of Zin.
  4973 | D:6      | Killed an angel
  5272 | D:6      | Identified the +1 hat "Orabinn" {rPois Dex+3 Stlth+}
  5533 | D:7      | Found a sand-covered staircase.
  5548 | Ossuary  | Entered an ossuary
  5648 | Ossuary  | Reached skill level 11 in Long Blades
  5929 | D:7      | Found an ornate altar of the Wu Jian Council.
  5959 | D:7      | Identified the +1 chain mail of Egalitarianism {Rampage rN+
                  | Will- rCorr}
  6165 | D:7      | Reached XP level 9. HP: 63/63 MP: 9/9
  6172 | D:7      | Reached **** piety under Trog
  6471 | D:7      | Found a stormy altar of Qazlal.
  6485 | D:7      | Reached skill level 12 in Long Blades
  6818 | D:7      | Found Madupn's Book Shop.
  7266 | D:8      | Reached skill level 13 in Long Blades
  8022 | D:8      | Noticed a komodo dragon
  8023 | D:8      | Found a staircase to the Lair.
  8032 | D:8      | Killed a komodo dragon
  8033 | D:8      | Reached XP level 10. HP: 70/70 MP: 10/10
  8073 | D:8      | Reached skill level 14 in Long Blades
  8175 | D:8      | Noticed Maurice
  8183 | D:8      | Maurice stole 412 gold
  8185 | D:8      | Killed Maurice
  8547 | D:8      | Found a burning altar of Makhleb.
  8628 | D:9      | Reached skill level 15 in Long Blades
  8703 | D:9      | Found a hazy altar of Hepliaklqana.
  9316 | D:10     | Entered Level 10 of the Dungeon
  9572 | D:10     | Reached skill level 16 in Long Blades
  9642 | D:10     | Noticed a kobold demonologist
  9652 | D:10     | Slain by a laughing skull

Illustrated notes

Levels and vault maps discovered:
D:1:      dpeg_arrival_rooms_c, layout_loops_cross,
          shapermc_ecumenical_altar_venn, reono_crystal_passage
D:2:      layout_basic, serial_forest, infiniplex_forest_straight_2,
          infiniplex_forest_zigzag_2, infiniplex_forest_straight_5,
          infiniplex_forest_clump_diagonal, infiniplex_forest_fountain,
          infiniplex_forest_clump_long, infiniplex_forest_clump_double,
          uniq_terence
D:3:      layout_rooms, tso_metal_star, lemuel_tele_altar
D:4:      layout_loops_corners, mainiacjoe_overflow_boulevard,
          kennysheep_cross_room
D:5:      layout_gridville, eat_drink_and_be_merry_uskayaw,
          minmay_temple_entry_water_ring, gammafunk_ghost_smash,
          hangedman_decor_push, dreamdust_princess_corridor
D:6:      layout_basic, grunt_temple_overflow_order_and_chaos_1,
          general_overflow_altar
D:7:      layout_layer_cave, old_standard_altar,
          nicolae_qazlal_beasts_of_the_sky, gup_ossuary_entry_pyramid,
          enter_bailey_5, nicolae_wooded_promenade
D:8:      layout_loops_ring, mainiacjoe_overflow_alcove_2, dpeg_lair_monsters,
          the_hattery, uniq_maurice
D:9:      layout_rooms, kennysheep_mini, lemuel_flamethrower_1
D:10:     layout_basic, cheibrodos_worm_habitat

Skill      XL: |  1  2  3  4  5  6  7  8  9 10 |
---------------+-------------------------------+-----
Long Blades    | 4 5 6 7 9 11 13 16 | 16.0
Fighting       | |  3.0
Armour         | |  1.7
Dodging        | |  1.7

Action                     |  1- 3 |  4- 6 |  7- 9 | 10-12 || total
---------------------------+-------+-------+-------+-------++-------
  Melee: Falchion          |    79 |   120 |   244 |    58 ||   501
         Dagger            |    77 |   118 |    52 |       ||   247
         Long sword        |       |       |   196 |   131 ||   327
 Invoke: Berserk           |     1 |     4 |     5 |     3 ||    13
         Trog's Hand       |       |     1 |     2 |     3 ||     6
    Use: Scroll            |       |       |    16 |     3 ||    19
   Stab: Sleeping          |     1 |       |       |       ||     1
 Armour: Animal skin       |    18 |       |       |       ||    18
         Chain mail        |    26 |   121 |   178 |    94 ||   419
  Dodge: Dodged            |    48 |    53 |    69 |    37 ||   207

Table legend: (Time is in decaauts)
 A = Elapsed time spent in this place.
 B = Non-inter-level travel time spent in this place.
 C = Inter-level travel time spent in this place.
 D = Time resting spent in this place.
 E = Time spent auto-exploring this place.
 F = Levels seen in this place.
 G = Mean time per level.
                   A        B        C        D        E       F      G
               +--------+--------+--------+--------+--------+-----+--------+
         Total |   9678 |   9117 |    561 |    957 |   6711 |  11 |  879.8 |
       Dungeon |   9331 |   8770 |    561 |    914 |   6532 |  10 |  933.1 |
       Ossuary |    347 |    347 |      0 |     42 |    179 |   1 |  347.0 |
               +--------+--------+--------+--------+--------+-----+--------+

Top non-repeatable levels by time:
     D:7: 1484 daAuts
     D:4: 1112 daAuts
     D:6: 1075 daAuts
     D:8: 1067 daAuts
     D:5: 1066 daAuts
     D:2: 1032 daAuts
     D:1: 793 daAuts
     D:9: 757 daAuts
     D:3: 627 daAuts
 Ossuary: 347 daAuts
    D:10: 315 daAuts
